TOP OF THE 1ST |
University of North Carolina at Chapel Hill Tar Heels batting - Pitching for University of Toronto Marlies : RHP Matt Lane
|
Pitching: RHP Matt Lane
|
|
Batting: LHB Ron de Vos
|
0-0: Ball 1-0: Called Strike 1-1: Swinging Strike 1-2: Strikes out swinging
|
Batting: RHB Bill Atley
|
0-0: Foul Ball, location: 2F 0-1: Ball 1-1: Ground out 4-3 (Groundball, 4, EV 93.8 MPH)
|
Batting: RHB Jonathan Winkler
|
0-0: Ball 1-0: Ball 2-0: SINGLE (Groundball, 34, EV 100.6 MPH)
|
Batting: RHB Juan Mejia
|
0-0: Ball 1-0: Foul Ball, location: 2F 1-1: Foul Ball, location: 2F 1-2: Ball 2-2: Ball 3-2: Base on Balls Jonathan Winkler to second
|
Batting: RHB Paul Holland
|
0-0: Ball 1-0: Fly out, F8 (Flyball, 8RD, EV 101.9 MPH)
|
Top of the 1st over - 0 runs, 1 hit, 0 errors, 2 left on base; University of North Carolina at Chapel Hill 0 - University of Toronto 0 |
BOTTOM OF THE 1ST |
University of Toronto Marlies batting - Pitching for University of North Carolina at Chapel Hill Tar Heels : LHP Nassim Toussaint
|
Pitching: LHP Nassim Toussaint
|
|
Batting: SHB Jose Melendez
|
0-0: Swinging Strike 0-1: Ball 1-1: Foul Ball, location: 2F 1-2: Ball 2-2: Strikes out swinging
|
Batting: RHB Akichika Yamano
|
0-0: Swinging Strike 0-1: Ball 1-1: Foul Ball, location: 2F 1-2: Ball 2-2: Foul Ball, location: 2F 2-2: Ball 3-2: Fly out, F8 (Flyball, 8RM, EV 86.2 MPH)
|
Batting: SHB Jack Tierney
|
0-0: Called Strike 0-1: Foul Ball, location: 2F 0-2: Ball 1-2: Ball 2-2: Foul Ball, location: 2F 2-2: Foul Ball, location: 2F 2-2: Strikes out swinging
|
Bottom of the 1st over - 0 runs, 0 hits, 0 errors, 0 left on base; University of North Carolina at Chapel Hill 0 - University of Toronto 0 |
TOP OF THE 2ND |
University of North Carolina at Chapel Hill Tar Heels batting - Pitching for University of Toronto Marlies : RHP Matt Lane
|
Batting: SHB Tom Auld
|
0-0: Ball 1-0: Swinging Strike 1-1: Fly out, F8 (Flyball, 8LS, EV 80.6 MPH)
|
Batting: SHB Rob Haney
|
0-0: Ground out U3 (Groundball, 3, EV 100.6 MPH)
|
Batting: LHB Tim Wilton
|
0-0: SINGLE (Flyball, 7, EV 83.8 MPH)
|
Batting: RHB James Bickel
|
0-0: Called Strike 0-1: Called Strike 0-2: Ball 1-2: Ball 2-2: Foul Ball, location: 2F 2-2: Foul Ball, location: 2F 2-2: Ground out 4-3 (Groundball, 34, EV 81.2 MPH)
|
Top of the 2nd over - 0 runs, 1 hit, 0 errors, 1 left on base; University of North Carolina at Chapel Hill 0 - University of Toronto 0 |
BOTTOM OF THE 2ND |
University of Toronto Marlies batting - Pitching for University of North Carolina at Chapel Hill Tar Heels : LHP Nassim Toussaint
|
Batting: RHB Logan Johnson
|
0-0: Ball 1-0: Ball 2-0: Swinging Strike 2-1: Ball 3-1: Called Strike 3-2: Ground out 6-3 (Groundball, 6MD, EV 85.6 MPH)
|
Batting: RHB Frank Pena
|
0-0: Fly out, F9 (Line Drive, 89M, EV 88.1 MPH)
|
Batting: LHB Efrem Isaev
|
0-0: Ball 1-0: Foul Ball, location: 2F 1-1: Ball 2-1: Foul Ball, location: 2F 2-2: Ball 3-2: SINGLE (Flyball, 4D, EV 96.9 MPH)
|
Batting: RHB Elmar Adenauer
|
0-0: Ball 1-0: Called Strike Pickoff Throw by Catcher to First - Error! E2 Efrem Isaev to second 1-1: Ball 2-1: Swinging Strike 2-2: Ball 3-2: Base on Balls
|
Batting: RHB Jeff McClellan
|
0-0: Swinging Strike 0-1: Foul Ball, location: 2F 0-2: Ball 1-2: Foul Ball, location: 2F 1-2: Foul Ball, location: 2F 1-2: Fly out, F7 (Flyball, 7, EV 96.9 MPH)
|
Bottom of the 2nd over - 0 runs, 1 hit, 1 error, 2 left on base; University of North Carolina at Chapel Hill 0 - University of Toronto 0 |
TOP OF THE 3RD |
University of North Carolina at Chapel Hill Tar Heels batting - Pitching for University of Toronto Marlies : RHP Matt Lane
|
Batting: LHB Ron de Vos
|
0-0: Ball 1-0: Called Strike 1-1: Swinging Strike 1-2: Strikes out swinging
|
Batting: RHB Bill Atley
|
0-0: Foul Ball, location: 2F 0-1: Ball 1-1: Foul Ball, location: 2F 1-2: SINGLE (Flyball, 4D, EV 88.8 MPH)
|
Batting: RHB Jonathan Winkler
|
0-0: Fly out, F9 (Flyball, 9S, EV 94.4 MPH)
|
Batting: RHB Juan Mejia
|
0-0: Foul Ball, location: 2F 0-1: Ball 1-1: Swinging Strike 1-2: Strikes out swinging
|
Top of the 3rd over - 0 runs, 1 hit, 0 errors, 1 left on base; University of North Carolina at Chapel Hill 0 - University of Toronto 0 |
BOTTOM OF THE 3RD |
University of Toronto Marlies batting - Pitching for University of North Carolina at Chapel Hill Tar Heels : LHP Nassim Toussaint
|
Batting: RHB Alex Gonzalez
|
0-0: Fly out, F9 (Flyball, 9, EV 90.0 MPH)
|
Batting: SHB Jose Melendez
|
0-0: SINGLE (Groundball, 56S, EV 68.1 MPH) (infield hit)
|
Batting: RHB Akichika Yamano
|
0-0: Called Strike 0-1: Called Strike 0-2: Ball 1-2: Strikes out looking
|
Batting: SHB Jack Tierney
|
0-0: Swinging Strike 0-1: Foul Ball, location: 2F 0-2: Foul Ball, location: 2F 0-2: Ball 1-2: Ball 2-2: Strikes out swinging
|
Bottom of the 3rd over - 0 runs, 1 hit, 0 errors, 1 left on base; University of North Carolina at Chapel Hill 0 - University of Toronto 0 |
TOP OF THE 4TH |
University of North Carolina at Chapel Hill Tar Heels batting - Pitching for University of Toronto Marlies : RHP Matt Lane
|
Batting: RHB Paul Holland
|
0-0: Called Strike 0-1: Called Strike 0-2: Ball 1-2: Foul Ball, location: 2F 1-2: Fly out, F8 (Line Drive, 8LM, EV 92.5 MPH)
|
Batting: SHB Tom Auld
|
0-0: Called Strike 0-1: Called Strike 0-2: Foul Ball, location: 2F 0-2: Ball 1-2: Ball 2-2: Foul Ball, location: 2F 2-2: Strikes out swinging
|
Batting: SHB Rob Haney
|
0-0: Called Strike 0-1: Called Strike 0-2: Ball 1-2: Ball 2-2: Fly out, F9 (Line Drive, 9D, EV 86.9 MPH)
|
Top of the 4th over - 0 runs, 0 hits, 0 errors, 0 left on base; University of North Carolina at Chapel Hill 0 - University of Toronto 0 |
BOTTOM OF THE 4TH |
University of Toronto Marlies batting - Pitching for University of North Carolina at Chapel Hill Tar Heels : LHP Nassim Toussaint
|
Batting: RHB Logan Johnson
|
0-0: Ball 1-0: Ball 2-0: Ball 3-0: Base on Balls
|
Batting: RHB Frank Pena
|
0-0: Ball 1-0: Called Strike 1-1: Fly out, F9 (Flyball, 9D, EV 95.6 MPH)
|
Batting: LHB Efrem Isaev
|
0-0: Foul Ball, location: 2F 0-1: Ball 1-1: Ball 2-1: SINGLE (Line Drive, 7S, EV 91.2 MPH) Logan Johnson to second
|
Batting: RHB Elmar Adenauer
|
0-0: Ball 1-0: Foul Ball, location: 2F 1-1: Foul Ball, location: 2F 1-2: Ball 2-2: SINGLE (Line Drive, 6D, EV 95.6 MPH) Logan Johnson to third Efrem Isaev to second Runner from 3rd tries for Home, throw by CF and OUT! 8-2
|
Batting: RHB Jeff McClellan
|
0-0: Ball 1-0: Ball 2-0: Fielders Choice at 2nd, 6-4 (Groundball, 56, EV 88.1 MPH)
|
Bottom of the 4th over - 0 runs, 2 hits, 0 errors, 2 left on base; University of North Carolina at Chapel Hill 0 - University of Toronto 0 |
TOP OF THE 5TH |
University of North Carolina at Chapel Hill Tar Heels batting - Pitching for University of Toronto Marlies : RHP Matt Lane
|
Batting: LHB Tim Wilton
|
0-0: SINGLE (Groundball, 34D, EV 96.2 MPH)
|
Batting: RHB James Bickel
|
0-0: Ball 1-0: Ball 2-0: Fly out, F7 (Flyball, 78S, EV 84.4 MPH)
|
Batting: LHB Ron de Vos
|
0-0: Foul Ball, location: 2F 0-1: Swinging Strike 0-2: Ball 1-2: Strikes out swinging
|
Batting: RHB Bill Atley
|
0-0: Ball 1-0: Ball 2-0: Ball 3-0: Called Strike 3-1: Foul Ball, location: 2F 3-2: Strikes out looking
|
Top of the 5th over - 0 runs, 1 hit, 0 errors, 1 left on base; University of North Carolina at Chapel Hill 0 - University of Toronto 0 |
BOTTOM OF THE 5TH |
University of Toronto Marlies batting - Pitching for University of North Carolina at Chapel Hill Tar Heels : LHP Nassim Toussaint
|
Batting: RHB Alex Gonzalez
|
0-0: SINGLE (Line Drive, 89M, EV 103.8 MPH)
|
Batting: SHB Jose Melendez
|
0-0: Ball 1-0: Swinging Strike 1-1: Foul Ball, location: 2F 1-2: Ball 2-2: Foul Ball, location: 2F 2-2: Ball 3-2: SINGLE (Groundball, 56D, EV 96.2 MPH) Alex Gonzalez to second
|
Pitching: RHP Alex Aldaya
|
|
Batting: RHB Akichika Yamano
|
0-0: Ball 1-0: Sac Bunt to 23 - play at first, batter OUT! 3-4 Alex Gonzalez to third Jose Melendez to second
|
Batting: SHB Jack Tierney
|
0-0: Foul Ball, location: 2F 0-1: Foul Ball, location: 2F 0-2: Foul Ball, location: 2F 0-2: Foul Ball, location: 2F 0-2: Ball 1-2: Ball 2-2: Ball 3-2: Fly out, F7 (Flyball, 7, EV 95.0 MPH) Runner from 3rd tags up, SCORES, no throw by LF
|
Batting: RHB Logan Johnson
|
0-0: Ball 1-0: Foul Ball, location: 2F 1-1: Foul Ball, location: 2F 1-2: Ball 2-2: Foul Ball, location: 2F 2-2: Foul Ball, location: 2F 2-2: SINGLE (Line Drive, 56, EV 98.8 MPH) Jose Melendez to third Runner from 3rd tries for Home, SAFE, throw by LF to home Logan Johnson to second
|
Batting: RHB Frank Pena
|
0-0: Foul Ball, location: 2F 0-1: Ball 1-1: Ball 2-1: Fly out, F8 (Flyball, 8RS, EV 86.9 MPH)
|
Bottom of the 5th over - 2 runs, 3 hits, 0 errors, 1 left on base; University of North Carolina at Chapel Hill 0 - University of Toronto 2 |
TOP OF THE 6TH |
University of North Carolina at Chapel Hill Tar Heels batting - Pitching for University of Toronto Marlies : RHP Matt Lane
|
Batting: RHB Jonathan Winkler
|
0-0: Foul Ball, location: 2F 0-1: Ball 1-1: Ground out 6-3 (Groundball, 6, EV 76.9 MPH)
|
Batting: RHB Juan Mejia
|
0-0: Ball 1-0: Swinging Strike 1-1: Foul Ball, location: 2F 1-2: Ground out U3 (Groundball, 34, EV 86.2 MPH)
|
Batting: RHB Paul Holland
|
0-0: Ground out 5-3 (Groundball, 56S, EV 65.6 MPH)
|
Top of the 6th over - 0 runs, 0 hits, 0 errors, 0 left on base; University of North Carolina at Chapel Hill 0 - University of Toronto 2 |
BOTTOM OF THE 6TH |
University of Toronto Marlies batting - Pitching for University of North Carolina at Chapel Hill Tar Heels : RHP Alex Aldaya
|
Batting: LHB Efrem Isaev
|
0-0: Ball 1-0: Foul Ball, location: 2F 1-1: Called Strike 1-2: Ground out 6-3 (Groundball, 56D, EV 77.5 MPH)
|
Batting: RHB Elmar Adenauer
|
0-0: Called Strike 0-1: Foul Ball, location: 2F 0-2: Foul Ball, location: 2F 0-2: Fly out, F8 (Flyball, 89M, EV 82.5 MPH)
|
Pitching: RHP C.J. Dombrowski
|
|
Batting: RHB Jeff McClellan
|
0-0: Ball 1-0: Called Strike 1-1: DOUBLE (Flyball, 8LD, EV 93.8 MPH)
|
Batting: RHB Alex Gonzalez
|
0-0: Ball 1-0: Ball 2-0: Ball 3-0: Base on Balls
|
Batting: SHB Jose Melendez
|
0-0: Ball 1-0: Ball 2-0: Called Strike 2-1: Foul Ball, location: 2F 2-2: Strikes out swinging
|
Bottom of the 6th over - 0 runs, 1 hit, 0 errors, 2 left on base; University of North Carolina at Chapel Hill 0 - University of Toronto 2 |
TOP OF THE 7TH |
University of North Carolina at Chapel Hill Tar Heels batting - Pitching for University of Toronto Marlies : RHP Matt Lane
|
Batting: SHB Tom Auld
|
0-0: Ball 1-0: Foul Ball, location: 2F 1-1: SINGLE (Groundball, 34D, EV 97.5 MPH)
|
Pitching: LHP Marc Haigler
|
|
Batting: SHB Rob Haney
|
0-0: Ball 1-0: Ground out 4-3 (Groundball, 4S, EV 65.6 MPH) Tom Auld to second
|
Batting: LHB Tim Wilton
|
0-0: Ball 1-0: Ball 2-0: Called Strike 2-1: Foul Ball, location: 2F 2-2: Ball 3-2: Base on Balls
|
Batting: RHB James Bickel
|
0-0: SINGLE (Line Drive, 9LS, EV 95.0 MPH) Tom Auld to third Tim Wilton to second Runner from 3rd tries for Home, SAFE, throw by RF to home
|
Pinch Hitting: RHB Jeremy Rollins
|
0-0: Ball 1-0: SINGLE (Groundball, 56D, EV 107.5 MPH) Tim Wilton to third James Bickel to second
|
Batting: RHB Bill Atley
|
0-0: Ball 1-0: Called Strike 1-1: GRAND SLAM HOME RUN (Line Drive, 7LD, EV 98.8 MPH), Distance : 363 ft
|
Pitching: RHP Robert Mccabe
|
|
Batting: RHB Jonathan Winkler
|
0-0: Ball 1-0: Fly out, F8 (Line Drive, 8RD, EV 90.6 MPH)
|
Batting: RHB Juan Mejia
|
0-0: Ball 1-0: Called Strike 1-1: Called Strike 1-2: Strikes out swinging, 2-3 out at first.
|
Top of the 7th over - 5 runs, 4 hits, 0 errors, 0 left on base; University of North Carolina at Chapel Hill 5 - University of Toronto 2 |
BOTTOM OF THE 7TH |
University of Toronto Marlies batting - Pitching for University of North Carolina at Chapel Hill Tar Heels : RHP C.J. Dombrowski
|
Now in LF: Tom Auld
|
|
Now in CF: Bill Atley
|
|
Now in RF: Jeff Parlo
|
|
Batting: RHB Akichika Yamano
|
0-0: Foul Ball, location: 2F 0-1: Ball 1-1: Ball 2-1: Foul Ball, location: 2F 2-2: Fly out, F8 (Flyball, 8LD, EV 91.9 MPH)
|
Batting: SHB Jack Tierney
|
0-0: Foul Ball, location: 2F 0-1: SINGLE (Line Drive, 8LS, EV 95.0 MPH)
|
Batting: RHB Logan Johnson
|
0-0: Ball Jack Tierney steals 2nd base 1-0: Foul Ball, location: 2F 1-1: Foul Ball, location: 2F 1-2: Ground out 4-3 (Groundball, 4, EV 90.6 MPH) Jack Tierney to third
|
Batting: RHB Frank Pena
|
0-0: Called Strike 0-1: Ball 1-1: Foul Ball, location: 2F 1-2: Foul Ball, location: 2F 1-2: Ball 2-2: Foul Ball, location: 2F 2-2: Ball 3-2: Ground out 6-3 (Groundball, 6, EV 95.0 MPH)
|
Bottom of the 7th over - 0 runs, 1 hit, 0 errors, 1 left on base; University of North Carolina at Chapel Hill 5 - University of Toronto 2 |
TOP OF THE 8TH |
University of North Carolina at Chapel Hill Tar Heels batting - Pitching for University of Toronto Marlies : RHP Robert Mccabe
|
Batting: RHB Paul Holland
|
0-0: Called Strike 0-1: Ball 1-1: Ball 2-1: Fly out, F9 (Flyball, 89S, EV 88.1 MPH)
|
Batting: SHB Tom Auld
|
0-0: Called Strike 0-1: Swinging Strike 0-2: Strikes out swinging
|
Batting: SHB Rob Haney
|
0-0: Ball 1-0: Swinging Strike 1-1: Foul Ball, location: 2F 1-2: Strikes out swinging
|
Top of the 8th over - 0 runs, 0 hits, 0 errors, 0 left on base; University of North Carolina at Chapel Hill 5 - University of Toronto 2 |
BOTTOM OF THE 8TH |
University of Toronto Marlies batting - Pitching for University of North Carolina at Chapel Hill Tar Heels : RHP C.J. Dombrowski
|
Pitching: LHP Andrew Lowe
|
|
Batting: LHB Efrem Isaev
|
0-0: Ball 1-0: Foul Ball, location: 2F 1-1: Swinging Strike 1-2: Ball 2-2: Ball 3-2: Fly out, F8 (Flyball, 8LS, EV 82.5 MPH)
|
Batting: RHB Elmar Adenauer
|
0-0: Ball 1-0: Called Strike 1-1: Ball 2-1: Foul Ball, location: 2F 2-2: Foul Ball, location: 2F 2-2: Ball 3-2: SINGLE (Line Drive, 89S, EV 107.5 MPH)
|
Batting: RHB Jeff McClellan
|
0-0: Called Strike 0-1: Ball 1-1: Ball 2-1: Foul Ball, location: 2F 2-2: Strikes out looking
|
Pinch Hitting: RHB Rich Vanegas
|
0-0: Foul Ball, location: 2F 0-1: Swinging Strike 0-2: Fly out, F3 (Popup, 3SF, EV 81.9 MPH)
|
Bottom of the 8th over - 0 runs, 1 hit, 0 errors, 1 left on base; University of North Carolina at Chapel Hill 5 - University of Toronto 2 |
TOP OF THE 9TH |
University of North Carolina at Chapel Hill Tar Heels batting - Pitching for University of Toronto Marlies : RHP Robert Mccabe
|
Now at 2B: Tony Cisneros
|
|
Batting: LHB Tim Wilton
|
0-0: Ball 1-0: Ground out 6-3 (Groundball, 6, EV 76.2 MPH)
|
Batting: RHB James Bickel
|
0-0: Ground out 6-3 (Groundball, 6S, EV 83.8 MPH)
|
Batting: RHB Jeff Parlo
|
0-0: Fly out, F9 (Flyball, 9D, EV 83.8 MPH)
|
Top of the 9th over - 0 runs, 0 hits, 0 errors, 0 left on base; University of North Carolina at Chapel Hill 5 - University of Toronto 2 |
BOTTOM OF THE 9TH |
University of Toronto Marlies batting - Pitching for University of North Carolina at Chapel Hill Tar Heels : LHP Andrew Lowe
|
Pitching: RHP Ted Hurley
|
|
Pinch Hitting: SHB Shannon Britten
|
0-0: Called Strike 0-1: Foul Ball, location: 2F 0-2: Ball 1-2: Ball 2-2: Ball 3-2: Strikes out swinging
|
Batting: RHB Akichika Yamano
|
0-0: Called Strike 0-1: Foul Ball, location: 2F 0-2: Ball 1-2: Foul Ball, location: 2F 1-2: Ball 2-2: Ball 3-2: Foul Ball, location: 2F 3-2: Ground out U3 (Groundball, 34S, EV 68.1 MPH)
|
Batting: SHB Jack Tierney
|
0-0: Ball 1-0: Ball 2-0: Foul Ball, location: 2F 2-1: Foul Ball, location: 2F 2-2: Foul Ball, location: 2F 2-2: Foul Ball, location: 2F 2-2: Ball 3-2: Foul Ball, location: 2F 3-2: Ground out 2-3 (Groundball, 2L, EV 69.4 MPH)
|
Bottom of the 9th over - 0 runs, 0 hits, 0 errors, 0 left on base; University of North Carolina at Chapel Hill 5 - University of Toronto 2 |
|